 Dungeon Crawl Stone Soup version 0.30.1-4-g462c640d31 (webtiles) character file.

Game seed: 5824152786861206598

301348 Babbit the Slayer (level 20, -29/212 HPs)
             Began as a Minotaur Fighter on Sept 11, 2023.
             Was the Champion of Okawaru.
             Killed from afar by a deep elf high priest (34 damage)
             ... with damnation
             ... on level 5 of the Vaults on Sept 12, 2023.
             The game lasted 05:11:39 (40461 turns).

Babbit the Slayer (Minotaur Fighter)               Turns: 40461, Time: 05:11:40

Health: -29/212    AC: 40    Str: 30    XL:     20   Next: 53%
Magic:  0/21       EV: 14    Int:  5    God:    Okawaru [******]
Gold:   2249       SH:  9    Dex: 15    Spells: 19/19 levels left

rFire   . . .        t - +7 consecrated labrys {holy, Valiant Fragile Fly SInv}
rCold   . . .        c - +1 buckler
rNeg    . . .        M - +9 storm dragon scales of Death Resistance {rElec Str+3 Dex+2}
rPois   .            (helmet restricted)
rElec   +            F - +2 cloak
rCorr   .            f - +1 pair of gloves
SInv    +            K - +1 pair of boots {Stlth+}
Will    +....        r - amulet of guardian spirit
Stlth   +            L - +4 ring of protection
HPRegen 0.55/turn    S - ring of see invisible
MPRegen 0.17/turn

%: guardian spirit
@: flying
A: horns 2, retaliatory headbutt
}: 1/15 runes: gossamer
a: Renounce Religion, Heroism, Finesse, Duel


You were on level 5 of the Vaults.
You worshipped Okawaru.
Okawaru was exalted by your worship.
You visited 7 branches of the dungeon, and saw 33 of its levels.

You collected 4215 gold pieces.
You spent 1966 gold pieces at shops.

Inventory:

Hand Weapons
 b - the +4 hand axe of Seyniuq {heavy, rF++ rC+ Str+3 Dex+3}
   (Okawaru gifted it to you on level 2 of the Vaults)

   Str:       It affects your strength (+3).
   Dex:       It affects your dexterity (+3).
   rF:        It greatly protects you from fire.
   rC:        It protects you from cold.
 t - the +7 consecrated labrys (weapon) {holy, Valiant Fragile Fly SInv}
   (Okawaru gifted it to you on level 5 of the Vaults)

   Valiant:   It becomes more powerful as more dangerous foes come into view.
   SInv:      It lets you see invisible.
   Fly:       It grants you flight.
   Fragile:   It will be destroyed if unequipped.
 v - the +8 broad axe of the Solstice {drain, rElec MP+9 Int-4}
   (Okawaru gifted it to you on level 11 of the Dungeon)

   Int:       It affects your intelligence (-4).
   rElec:     It insulates you from electricity.
   MP:        It affects your magic capacity (+9).
 X - a +5 war axe of flaming
Missiles
 a - 5 javelins
 O - 3 silver javelins
Armour
 c - a +1 buckler (worn)
 f - a +1 pair of gloves (worn)
 q - a +4 chain mail of poison resistance
 y - a +0 plate armour of willpower
 F - a +2 cloak (worn)
 K - a +1 pair of boots of stealth (worn)
 M - the +9 storm dragon scales of Death Resistance (worn) {rElec Str+3 Dex+2}
   (Okawaru gifted it to you on level 3 of the Spider Nest)

   Str:       It affects your strength (+3).
   Dex:       It affects your dexterity (+2).
   rElec:     It insulates you from electricity.
 Q - the +0 ring mail of the Several Deaths {Regen+ MP-9 SInv Stlth+}
   (Okawaru gifted it to you on level 5 of the Lair of Beasts)

   MP:        It affects your magic capacity (-9).
   SInv:      It lets you see invisible.
   Regen:     It increases your rate of health regeneration.
   Stlth:     It makes you more stealthy.
Jewellery
 m - the amulet of Ytoan {Reflect Will- MP+9 Str+2 SH+5}
   (You took it off a vault warden on level 2 of the Vaults)

   [amulet of reflection]

   It reflects blocked missile attacks.
   Str:       It affects your strength (+2).
   MP:        It affects your magic capacity (+9).
   SH:        It affects your SH (+5).
   Will:      It decreases your willpower.
 r - an amulet of guardian spirit (around neck)
 D - a ring of positive energy
 E - a +6 ring of strength
 L - a +4 ring of protection (left hand)
 N - an amulet of regeneration
 P - a +5 ring of evasion
 R - a ring of poison resistance
 S - a ring of see invisible (right hand)
Wands
 i - a wand of paralysis (9)
 A - a wand of iceblast (7) (quivered)
 H - a wand of digging (3)
 J - a wand of acid (3)
Scrolls
 e - 5 scrolls of fear
 j - 3 scrolls of fog
 o - 3 scrolls of poison
 p - 7 scrolls of silence
 u - 2 scrolls of teleportation
 Y - 3 scrolls of magic mapping
 Z - 4 scrolls of identify
Potions
 d - 4 potions of might
 g - a potion of flight
 h - 2 potions of cancellation
 k - 9 potions of curing
 s - 3 potions of lignification
 x - a potion of heal wounds
 z - 8 potions of brilliance
 B - 6 potions of haste
 C - a potion of resistance
 I - 2 potions of berserk rage
Miscellaneous
 T - a lightning rod (4/4)
 U - a phial of floods


   Skills:
 + Level 25.7 Fighting
 + Level 25.5(25.6) Axes
 + Level 3.4(17.3) Maces & Flails
 + Level 3.8 Throwing
 + Level 18.1 Armour
 + Level 11.0 Dodging
 + Level 3.9 Stealth
 + Level 17.1 Shields
 + Level 0.6 Unarmed Combat
 + Level 3.6 Invocations
 + Level 4.2 Evocations


You had 19 spell levels left.
You didn't know any spells.
Your spell library contained the following spells:

 Spells                   Type           Power      Damage    Failure   Level
 Foxfire                  Conj/Fire      0%         2x1d4     85%         1
 Magic Dart               Conj           0%         1d3       85%         1
 Sandblast                Erth           0%         2d4       85%         1
 Slow                     Hex            0%         N/A       85%         1
 Passwall                 Tmut/Erth      0%         N/A       94%         2
 Searing Ray              Conj           0%         2d4       94%         2
 Sublimation of Blood     Necr           0%         N/A       94%         2
 Confusing Touch          Hex            0%         N/A       99%         3
 Frozen Ramparts          Ice            0%         1d1       99%         3
 Stone Arrow              Conj/Erth      0%         3d7       99%         3
 Vampiric Draining        Necr           0%         2d6       99%         3
 Dispel Undead            Necr           0%         3d6       100%        4
 Fulminant Prism          Conj/Hex       0%         3d5       100%        4
 Ice Form                 Ice/Tmut       0%         N/A       100%        4
 Petrify                  Tmut/Erth      0%         N/A       100%        4
 Fireball                 Conj/Fire      0%         3d3       100%        5
 Irradiate                Conj/Tmut      0%         3d11      100%        5
 Plasma Beam              Fire/Air       0%         2x1d11    100%        6
 Starburst                Conj/Fire      0%         6d3       100%        6
 Storm Form               Tmut/Air       0%         N/A       100%        7
 Maxwell's Capacitive Co  Air            0%         ∞         100%        8
 Animate Dead             Necr           Unusable   N/A       N/A         4
 Summon Ice Beast         Ice/Summ       Unusable   N/A       N/A         4
 Summon Lightning Spire   Summ/Air       Unusable   N/A       N/A         4
 Death Channel            Necr           Unusable   N/A       N/A         6
 Simulacrum               Ice/Necr       Unusable   N/A       N/A         6

Dungeon Overview and Level Annotations

Branches:
Dungeon (15/15)            Temple (1/1) D:5            Lair (5/5) D:8
 Shoals (1/4) Lair:3       Spider (4/4) Lair:2        Slime (0/5) Lair:4
    Orc (2/2) D:12            Elf (0/3) Orc:2        Vaults (5/5) D:14
  Crypt (0/3) Vaults:3     Depths (0/4) D:15

Altars:
Ashenzari
Dithmenos
Elyvilon
Hepliaklqana
Okawaru
Qazlal
Ru
Wu Jian
Xom
Yredelemnul
Zin
The Shining One
Jiyva

Shops:
D:8 **   D:11 :   Orc:2 ((*(   Vaults:2 *?*   Vaults:3 ?:(   Vaults:4 ?
Vaults:5 (

Annotations:
D:15 3 runed translucent doors, turdburglar's ghost, journeyman DjFE


Innate Abilities, Weirdness & Mutations

You have a pair of horns on your head.
You reflexively headbutt those who attack you in melee.


Message History

Aiming: Paralyse
Press: ? - help, Q - select action, (/) - cycle Shift-Dir - straight line, f - vault warden
Aim: a vault warden, wielding a +1 glaive, wearing a +0 plate armour and quivering stones (purple smoke, chance to affect: 25%)
Okay, then.
Aiming: Iceblast
Press: ? - help, Q - select action, (/) - cycle Shift-Dir - straight line, f - vault warden
Aim: a vault warden, wielding a +1 glaive, wearing a +0 plate armour and quivering stones (purple smoke)
The mass of ice explodes!
The iceblast engulfs the vault warden!
The vault warden is lightly wounded.
The vault warden throws a stone.
The stone closely misses you.
You feel a little less mighty now.
As you read the scroll of fog, it crumbles to dust.
The scroll dissolves into smoke.
A deep elf demonologist comes into view.
It is wielding a +0 dagger.
The frost giant attacks as you move away!
You block the frost giant's attack.
The vault warden throws a stone.
The stone closely misses you.
The frost giant gestures at you while chanting.
The bolt of cold hits you!
* * * LOW HITPOINT WARNING * * *
Blink to where?
Press: ? - help, Dir - move target, p - vault warden
As you read the scroll of blinking, it crumbles to dust.
You can't see any enemies this would affect, really read the scroll of silence? [Y]es or [N]o only, please.
You can't see any enemies this would affect, really read the scroll of silence?
Okay, then.
Unknown command.
Unknown command.
The fire giant shouts!
You hear a shout!
A deep elf high priest comes into view. It is wielding a +0 short sword.
The fire giant gestures at you while chanting.
The bolt of fire hits you!
* * * LOW HITPOINT WARNING * * *
Blink to where?
Press: ? - help, Dir - move target
As you read the scroll of blinking, it crumbles to dust.
The deep elf high priest invokes the aid of its god against you.
The sphere of damnation explodes!
The damnation engulfs you!!
You die...

,,,.........#....#,,.#,,,*,,*,,,*
,,,..............#...#****,,*****
,,,,.............#....,,,,,,,,,,,
,,,,,.................,,,,,,,,,,,
***######..))..)...######********
,,,.......))..<<.........,,,,,,,,
,,,........).<..<........,,,,,,,,
,,,...........<<........,,,,,,,,,
,,,.............@.......,,,,,,,,,
***########....)..e#####*#######*
,,,,****#.............####.....##
,,,***......#....#.....§.........
,,***,.##..##....#...............
,** *,**##.*#....##..............
** **,***#.*#....##............[.
****,,,**,,*#....##............).
,**,,,,,,,**#....##......C.######


You could see a deep elf high priest.

Vanquished Creatures
  2 golden dragons (Vaults:5)
  A hellephant (Vaults:4)
  3 tentacled monstrosities (Vaults:5)
  A lich (Vaults:5)
  Zenata (Vaults:2)
  6 titans (Vaults:5)
  An ancient champion (Vaults:3)
  6 sphinxes
  5 shadow dragons
  3 tengu reavers
  2 storm dragons (Vaults:5)
  An iron dragon (Vaults:5)
  A fire giant (Vaults:5)
  6 emperor scorpions (Spider:4)
  A frost giant (Vaults:5)
  20 vault wardens
  4 ghost moths
  3 orc warlords
  21 ironbound preservers
  5 war gargoyles
  2 very ugly things (Vaults:1)
  A ghoul (Vaults:3)
  8 ironbound thunderhulks
  2 broodmothers
  3 stone giants (Vaults:5)
  8 dire elephants (Vaults:3)
  Azrael (Spider:3)
  2 spark wasps (Spider:4)
  A deep elf death mage (Vaults:5)
  6 ettins
  11 entropy weavers
  A fire dragon (D:15)
  9 yaktaur captains
  5 great orbs of eyes
  3 hydras
  2 ice dragons (D:15)
  38 vault guards
  A death knight (D:15)
  2 peacekeepers (Vaults:3)
  11 ironbound frosthearts
  3 jorogumos (Spider:2)
  A radroach (Spider:4)
  4 two-headed ogres
  5 catoblepae
  5 boulder beetles
  21 centaur warriors
  4 ogre magi (Vaults:5)
  7 death yaks (Lair:5)
  A vampire mage (Vaults:3)
  7 orc high priests
  13 hell knights
  A skyshark (Lair:5)
  2 sun moths
  5 skeletal warriors
  9 pharaoh ants
  A swamp dragon (shapeshifter) (Vaults:3)
  33 deep trolls
  6 orb spiders
  7 steelbarb worms
  11 ironbound convokers
  9 lindwurms
  2 harpies
  7 wizards
  A deep elf pyromancer (D:12)
  A necromancer (D:14)
  16 orc knights
  5 phantasmal warriors
  21 wolf spiders
  4 manticores
  15 ugly things
  3 orc sorcerers
  4 cyclopes
  A moth of wrath (Spider:1)
  13 vault sentinels
  7 black mambas
  6 demonic crawlers
  Maurice (D:11)
  20 elephants
  A hellion (Vaults:4)
  7 torpor snails
  2 gargoyles
  Psyche (D:9)
  9 cane toads
  An unseen horror (D:11)
  A kobold demonologist (D:13)
  3 rime drakes
  3 freezing wraiths
  A tengu conjurer (D:13)
  9 komodo dragons
  27 yaktaurs
  8 trolls
  3 polar bears
  9 meliai (Spider:4)
  Grinder (D:3)
  Prince Ribbit (D:5)
  2 hornets
  18 tarantellas
  19 blink frogs
  A snapping turtle (Lair:3)
  10 dream sheep
  12 culicivoras
  20 slime creatures
  41 jumping spiders
  2 shadows
  56 yaks
  A water elemental (D:11)
  3 wraiths
  3 fire elementals (Spider:3)
  12 wyverns
  3 basilisks
  56 redbacks
  18 humans (D:14)
  A steam dragon (D:9)
  5 vampire mosquitoes
  3 wargs
  5 hell hounds (Spider:3)
  25 water moccasins
  2 acid dragons
  The ghost of sigtrap the Sneak, an amateur SpBr (D:5)
  Duvessa (D:7)
  7 ice beasts (D:8)
  57 orc warriors
  A sky beast (D:8)
  2 black bears
  8 ogres
  30 wolves
  5 centaurs
  4 phantoms (D:5)
  9 bullfrogs
  3 scorpions
  5 wights (D:9)
  Dowan (D:7)
  7 killer bees
  4 howler monkeys
  6 electric eels
  A howler monkey (shapeshifter) (Vaults:5)
  39 orc priests
  4 hounds
  3 sleepcaps
  3 iguanas
  18 orc wizards
  Robin (D:3)
  A gnoll (D:5)
  A river rat (D:6)
  10 adders
  3 white imps
  An ufetubus (D:7)
  5 worms
  A dart slug (D:1)
  80 orcs
  7 ball pythons
  5 endoplasms
  2 giant cockroaches
  13 goblins
  9 hobgoblins
  2 jackals (D:2)
  5 bats
  4 frilled lizards (D:1)
  5 kobolds
  2 rats
  A butterfly (D:7)
1274 creatures vanquished.

Notes
Turn   | Place    | Note
-------+----------+-------------------------------------------
     0 | D:1      | Babbit the Minotaur Fighter began the quest for the Orb.
     0 | D:1      | Reached XP level 1. HP: 19/19 MP: 0/0
   223 | D:1      | Reached XP level 2. HP: 27/27 MP: 1/1
   830 | D:2      | Reached XP level 3. HP: 33/33 MP: 2/2
   855 | D:2      | Found a faded altar of an unknown god.
   950 | D:2      | Noticed a scorpion
   958 | D:2      | Killed a scorpion
   959 | D:2      | Reached XP level 4. HP: 27/41 MP: 3/3
  1430 | D:3      | Reached XP level 5. HP: 38/47 MP: 4/4
  1623 | D:3      | Reached skill level 5 in Axes
  2151 | D:3      | Noticed Grinder
  2151 | D:3      | Noticed Robin
  2161 | D:3      | Paralysed by Grinder for 2 turns
  2166 | D:3      | Killed Grinder
  2167 | D:3      | Reached skill level 5 in Armour
  2167 | D:3      | Reached skill level 1 in Dodging
  2167 | D:3      | Reached XP level 6. HP: 26/55 MP: 2/5
  2196 | D:3      | Killed Robin
  2787 | D:4      | You fall into a shaft and drop 3 floors!
  2865 | D:6      | Reached skill level 5 in Fighting
  2865 | D:6      | Reached XP level 7. HP: 60/61 MP: 6/6
  2891 | D:5      | Entered Level 5 of the Dungeon
  3666 | D:5      | Found a transporter.
  3667 | D:5      | Noticed sigtrap's ghost (amateur SpBr)
  3667 | D:5      | Noticed a two-headed ogre
  3668 | D:5      | Found a transporter.
  3915 | D:5      | Reached XP level 8. HP: 69/69 MP: 7/7
  3994 | D:5      | Noticed Prince Ribbit
  4004 | D:5      | Found a staircase to the Ecumenical Temple.
  4023 | Temple   | Entered the Ecumenical Temple
  4032 | Temple   | Became a worshipper of Warmaster Okawaru
  4134 | D:5      | Killed Prince Ribbit
  4189 | D:5      | Reached skill level 1 in Stealth
  4795 | D:6      | Reached * piety under Okawaru
  5124 | D:6      | Reached skill level 5 in Shields
  5238 | D:6      | Found a broken altar of Ashenzari.
  5241 | D:6      | Found a sacrificial altar of Ru.
  5358 | D:6      | Found an ornate altar of the Wu Jian Council.
  5612 | D:6      | Found a glowing silver altar of Zin.
  5612 | D:6      | Found a glowing golden altar of the Shining One.
  5672 | D:6      | Reached XP level 9. HP: 75/75 MP: 8/8
  6271 | D:7      | Reached skill level 10 in Axes
  6402 | D:7      | Reached ** piety under Okawaru
  6630 | D:7      | Found a shimmering altar of Xom.
  6630 | D:7      | Noticed Dowan
  6630 | D:7      | Noticed Duvessa
  6641 | D:7      | Killed Duvessa
  6647 | D:7      | Killed Dowan
  6996 | D:8      | Noticed a rime drake
  7008 | D:8      | Killed a rime drake
  7289 | D:8      | Reached *** piety under Okawaru
  7303 | D:8      | Noticed a polar bear
  7397 | D:8      | Found a staircase to the Lair.
  7446 | D:8      | Paralysed by a hornet for 2 turns
  7451 | D:8      | Reached XP level 10. HP: 52/86 MP: 5/9
  7679 | D:8      | Found Wiqu's Hallowed Reliquary.
  7679 | D:8      | Noticed an angel
  7895 | D:8      | Found Syuhios's General Store.
  7905 | D:8      | Bought a scroll of enchant armour for 90 gold pieces
  7905 | D:8      | Bought a scroll of identify for 24 gold pieces
  8145 | D:9      | Noticed Psyche
  8152 | D:9      | Killed Psyche
  8231 | D:9      | Reached **** piety under Okawaru
  8819 | D:9      | Reached skill level 10 in Armour
  8975 | D:9      | Found a hazy altar of Hepliaklqana.
  9240 | D:10     | Entered Level 10 of the Dungeon
  9269 | D:9      | Reached skill level 5 in Dodging
  9272 | D:9      | Reached ***** piety under Okawaru
  9535 | D:10     | Noticed a two-headed ogre
  9544 | D:10     | Killed a two-headed ogre
  9545 | D:10     | Reached XP level 11. HP: 31/95 MP: 4/10
  9843 | D:5      | Killed sigtrap's ghost
  9850 | D:5      | Killed a two-headed ogre
 11210 | D:11     | Noticed Maurice
 11215 | D:11     | Paralysed by Maurice for 2 turns
 11220 | D:11     | Killed Maurice
 11260 | D:11     | Identified the +8 broad axe of the Solstice {drain, rElec
                  | MP+9 Int-4} (Okawaru gifted it to you on level 11 of the
                  | Dungeon)
 11260 | D:11     | Received a gift from Okawaru
 11366 | D:11     | Found Yfomm's Tremendous Tomes.
 12068 | Lair:1   | Entered Level 1 of the Lair of Beasts
 12074 | Lair:1   | Reached skill level 10 in Fighting
 12099 | Lair:1   | Reached skill level 15 in Axes
 12348 | Lair:1   | Identified the +1 leather armour of Unkusku {Rampage rPois
                  | rC++ Int-4}
 12404 | Lair:1   | Reached ****** piety under Okawaru
 12404 | Lair:1   | Identified the +10 flail of Accidental Termination {drain,
                  | Str+3} (Okawaru gifted it to you on level 1 of the Lair of
                  | Beasts)
 12404 | Lair:1   | Received a gift from Okawaru
 12405 | Lair:1   | Reached XP level 12. HP: 107/107 MP: 11/11
 12529 | Lair:1   | Reached skill level 1 in Throwing
 12935 | Lair:1   | Found the +8 whip "Snakebite" {venom, curare, rPois}
 13141 | Lair:2   | Received a gift from Okawaru
 13381 | Lair:2   | Found a hole to the Spider Nest.
 14175 | Lair:3   | Found a staircase to the Shoals.
 14183 | Lair:3   | Identified the +6 falchion of Ointment {venom, rF+ Dex+3}
 14708 | Lair:4   | Noticed a catoblepas
 14723 | Lair:4   | Killed a catoblepas
 14723 | Lair:4   | Received a gift from Okawaru
 14810 | Lair:4   | Reached XP level 13. HP: 118/118 MP: 12/12
 15028 | Lair:4   | Found a viscous altar of Jiyva.
 15028 | Lair:4   | Found a staircase to the Slime Pits.
 15317 | Lair:4   | Received a gift from Okawaru
 15672 | Lair:5   | Entered Level 5 of the Lair of Beasts
 15943 | Lair:5   | Reached skill level 1 in Maces & Flails
 16223 | Lair:5   | Reached skill level 10 in Shields
 16485 | Lair:5   | Reached skill level 15 in Fighting
 16486 | Lair:5   | Identified the +0 ring mail of the Several Deaths {Regen+
                  | MP-9 SInv Stlth+} (Okawaru gifted it to you on level 5 of
                  | the Lair of Beasts)
 16486 | Lair:5   | Received a gift from Okawaru
 16542 | Lair:5   | Reached XP level 14. HP: 131/135 MP: 10/13
 17100 | Lair:5   | Reached skill level 1 in Invocations
 17188 | Lair:5   | Identified the +0 chain mail of Hide-and-Seek {-Tele rN+
                  | Dex+5}
 17256 | Lair:5   | Identified the +0 ring mail "Wuocwuysir" {rPois rN+ Int+2}
 18071 | D:12     | Received a gift from Okawaru
 18498 | D:12     | Found a staircase to the Orcish Mines.
 19723 | D:14     | Received a gift from Okawaru
 19775 | D:14     | Found a gate to the Vaults.
 19875 | D:14     | Reached XP level 15. HP: 149/149 MP: 14/14
 20337 | D:15     | Entered Level 15 of the Dungeon
 20358 | D:15     | Received a gift from Okawaru
 20439 | D:15     | Found a stormy altar of Qazlal.
 20918 | D:15     | Found a white marble altar of Elyvilon.
 21249 | D:15     | Found a staircase to the Depths.
 21318 | D:15     | Found a runed translucent gate.
 21318 | D:15     | Found a runed translucent gate.
 21318 | D:15     | Found a runed translucent gate.
 21322 | D:15     | Noticed turdburglar's ghost (journeyman DjFE)
 21498 | Orc:1    | Entered Level 1 of the Orcish Mines
 21907 | Orc:2    | Entered Level 2 of the Orcish Mines
 22057 | Orc:2    | Found a staircase to the Elven Halls.
 22370 | Orc:2    | Received a gift from Okawaru
 23352 | Orc:2    | Found Viuxic's General Store.
 23352 | Orc:2    | Found Beant's Weapon Shop.
 23357 | Orc:2    | Found Depnarel's Weapon Boutique.
 23357 | Orc:2    | Found Mipy's Antique Weapon Shop.
 23818 | Shoals:1 | Entered Level 1 of the Shoals
 23885 | Spider:1 | Entered Level 1 of the Spider Nest
 24146 | Spider:1 | Received a gift from Okawaru
 24611 | Spider:2 | Reached XP level 16. HP: 115/165 MP: 16/16
 24778 | Spider:2 | Got Rofeuxuff's Teachings on the Damned
 25134 | Spider:2 | Lost intelligence.
 26028 | Spider:2 | Reached skill level 1 in Evocations
 26177 | Spider:2 | Reached skill level 15 in Armour
 27481 | Spider:3 | Identified the +9 storm dragon scales of Death Resistance
                  | {rElec Str+3 Dex+2} (Okawaru gifted it to you on level 3 of
                  | the Spider Nest)
 27481 | Spider:3 | Received a gift from Okawaru
 27844 | Spider:3 | Lost intelligence.
 27919 | Spider:3 | Noticed Azrael
 27939 | Spider:3 | Killed Azrael
 28516 | Spider:4 | Entered Level 4 of the Spider Nest
 29434 | Spider:4 | Reached XP level 17. HP: 173/173 MP: 17/17
 29758 | Spider:4 | Received a gift from Okawaru
 30400 | Spider:4 | Got a gossamer rune of Zot
 30900 | Vaults:1 | Entered Level 1 of the Vaults
 30967 | Vaults:1 | Paralysed by a sphinx for 5 turns
 31532 | Vaults:1 | Identified the +7 chain mail of the Morning Star {*Slow
                  | Str+4} (Okawaru gifted it to you on level 1 of the Vaults)
 31532 | Vaults:1 | Received a gift from Okawaru
 32041 | Vaults:1 | Identified the +1 robe of Diawanek {rCorr MP+9 SInv}
 32385 | Vaults:2 | Noticed Zenata
 32404 | Vaults:2 | Killed Zenata
 32559 | Vaults:2 | Identified the amulet of Ytoan {Reflect Will- MP+9 Str+2
                  | SH+5}
 33021 | Vaults:2 | Found Cycsin's Assorted Antiques.
 33024 | Vaults:2 | Bought a potion of cancellation for 280 gold pieces
 33024 | Vaults:2 | Bought a scroll of enchant armour for 262 gold pieces
 33051 | Vaults:2 | Reached XP level 18. HP: 187/187 MP: 18/18
 33054 | Vaults:2 | Received a gift from Okawaru
 33237 | Vaults:2 | Received a gift from Okawaru
 33365 | Vaults:2 | Identified the +4 hand axe of Seyniuq {heavy, rF++ rC+
                  | Str+3 Dex+3} (Okawaru gifted it to you on level 2 of the
                  | Vaults)
 33365 | Vaults:2 | Received a gift from Okawaru
 33499 | Vaults:2 | Found Moan's Assorted Antiques.
 33512 | Vaults:2 | Bought a potion of heal wounds for 180 gold pieces
 33812 | Vaults:2 | Found Cipsukuf's Magic Scroll Shop.
 33817 | Vaults:2 | Bought a scroll of acquirement for 988 gold pieces
 33818 | Vaults:2 | Acquired 767 gold pieces
 33825 | Vaults:2 | Bought a scroll of enchant weapon for 142 gold pieces
 34208 | Vaults:3 | Paralysed by a sphinx for 5 turns
 34233 | Vaults:2 | Paralysed by a sphinx for 5 turns
 34471 | Vaults:3 | Paralysed by a sphinx for 2 turns
 34475 | Vaults:3 | Reached skill level 15 in Shields
 34575 | Vaults:3 | Found Liorail's Book Boutique.
 34789 | Vaults:3 | Received a gift from Okawaru
 35230 | Vaults:3 | Reached skill level 10 in Dodging
 35382 | Vaults:3 | Found Ecugistri's Magic Scroll Shop.
 35469 | Vaults:3 | Identified the +1 war axe "Hiseerch" {freeze, *Noise rPois
                  | Will+} (Okawaru gifted it to you on level 3 of the Vaults)
 35469 | Vaults:3 | Received a gift from Okawaru
 35930 | Vaults:3 | Found a staircase to the Crypt.
 36142 | Vaults:3 | Received a gift from Okawaru
 36298 | Vaults:3 | Found Luebiam's Antique Weapon Shoppe.
 36466 | Vaults:3 | Reached XP level 19. HP: 185/198 MP: 20/20
 36526 | Vaults:4 | Found Foten's Magic Scroll Shop.
 36757 | Vaults:4 | Received a gift from Okawaru
 37559 | Vaults:4 | Found a huge runed gate.
 37559 | Vaults:4 | Found a huge runed gate.
 37559 | Vaults:4 | Found a huge runed gate.
 37561 | Vaults:4 | Found a huge runed gate.
 37561 | Vaults:4 | Found a huge runed gate.
 37562 | Vaults:4 | Found a huge runed gate.
 37562 | Vaults:4 | Found a huge runed gate.
 37563 | Vaults:4 | Found a huge runed gate.
 37563 | Vaults:4 | Found a huge runed gate.
 37563 | Vaults:4 | Found a huge runed gate.
 37568 | Vaults:4 | Found a huge runed gate.
 37568 | Vaults:4 | Found a huge runed gate.
 37568 | Vaults:4 | Found a huge runed gate.
 37568 | Vaults:4 | Found a huge runed gate.
 37568 | Vaults:4 | Found a huge runed gate.
 37568 | Vaults:4 | Found a huge runed gate.
 37569 | Vaults:4 | Found a huge runed gate.
 37570 | Vaults:4 | Found a huge runed gate.
 37571 | Vaults:4 | Found a huge runed gate.
 37579 | Vaults:4 | Found a huge runed gate.
 37579 | Vaults:4 | Found a huge runed gate.
 37579 | Vaults:4 | Found a huge runed gate.
 37579 | Vaults:4 | Found a huge runed gate.
 37579 | Vaults:4 | Found a huge runed gate.
 37579 | Vaults:4 | Found a huge runed gate.
 37580 | Vaults:4 | Found a huge runed gate.
 37792 | Vaults:4 | Found a huge runed gate.
 37793 | Vaults:4 | Found a huge runed gate.
 37801 | Vaults:4 | Found a huge runed gate.
 37801 | Vaults:4 | Found a huge runed gate.
 37801 | Vaults:4 | Found a huge runed gate.
 37801 | Vaults:4 | Found a huge runed gate.
 37801 | Vaults:4 | Found a huge runed gate.
 37801 | Vaults:4 | Found a huge runed gate.
 37802 | Vaults:4 | Found a huge runed gate.
 37803 | Vaults:4 | Found a huge runed gate.
 37973 | Vaults:4 | Noticed a hellephant
 38230 | Vaults:4 | Killed a hellephant
 38230 | Vaults:4 | Identified the +4 lajatang "Zumott" {protect, rElec Int+4}
                  | (Okawaru gifted it to you on level 4 of the Vaults)
 38230 | Vaults:4 | Received a gift from Okawaru
 38401 | Vaults:4 | Identified the +4 ring mail of Rarral {Dex+3}
 38479 | Vaults:5 | Entered Level 5 of the Vaults
 39149 | Vaults:5 | Received a gift from Okawaru
 39149 | Vaults:5 | Found the +4 consecrated labrys {holy, Valiant Fragile Fly
                  | SInv}
 39187 | Vaults:5 | Reached XP level 20. HP: 84/208 MP: 8/21
 39266 | Vaults:5 | Found Nyptozaa's Weapon Shop.
 39748 | Vaults:5 | Noticed a golden dragon
 39763 | Vaults:5 | Killed a golden dragon
 39964 | Vaults:5 | Received a gift from Okawaru
 40396 | Vaults:5 | Noticed a golden dragon
 40414 | Vaults:5 | Killed a golden dragon
 40422 | Vaults:5 | HP: 10/212 [vault warden/+2 great sword of holy wrath (21)]
 40460 | Vaults:5 | HP: 4/212 [fire giant/bolt of fire (14)]
 40461 | Vaults:5 | Killed from afar by a deep elf high priest

Illustrated notes

Levels and vault maps discovered:
D:1:      reono_arrival_mine, layout_basic, serial_glass, glass_columns_a,
          glass_columns_b, minivault_14, minmay_cupped
D:2:      layout_rooms, chequers_ecumenical_altar_island, minmay_misc_feat_x
D:3:      layout_basic, uniq_grinder, uniq_robin
D:4:      layout_loops_corners
D:5:      layout_loops_corners, minmay_temple_entry_tees, gammafunk_ghost_arena,
          serial_aquarium, aquarium_bridge_straight [aquarium_subvault_bridge,
          aquarium_subvault_balcony, aquarium_subvault_bridge,
          aquarium_subvault_window], aquarium_bridge_square
          [aquarium_subvault_bridge, aquarium_subvault_wall,
          aquarium_subvault_bridge, aquarium_subvault_balcony],
          aquarium_window_1, aquarium_window_1, aquarium_window_fake,
          aquarium_view_2d, aquarium_pool_side, uniq_prince_ribbit1
D:6:      layout_layer_cave, nzn_wu_jian_council_hall,
          nicolae_overflow_hidden_temple, cheibrodos_sewer_entry_sluice,
          minmay_crossroads
D:7:      layout_gridville, xom_butterflies, uniq_duvessa
D:8:      layout_basic, hellmonk_lair_entry_icy, serial_shops, shop,
          nicolae_good_shop
D:9:      layout_long_grid, nicolae_hepliaklqana_hippocampus, uniq_psyche
D:10:     layout_long_grid
D:11:     layout_big_octagon, serial_park, serial_park_tiny_pond,
          serial_park_square2, serial_park_tiny_1, serial_park_avenue1,
          serial_park_fountain, serial_park_tiny_pond,
          nicolae_shop_i_like_big_books, uniq_maurice
D:12:     layout_long_grid, hiddenorc1_lemuel
D:13:     layout_irregular_city
D:14:     layout_roguey, grunt_vaults_entry_tiered
D:15:     grunt_enter_depths_hoard, layout_cave_pools,
          gammafunk_ghost_tricky_traps, elyvilon_altar_5, grunt_qazlal_sundering
Temple:   nicolae_temple_superstar
Lair:1:   minmay_guarded_unrand_snakebite, layout_big_grid, minivault_19,
          serial_bayou_shore_a, grunt_megastairs_1
Lair:2:   beast_lair_carwin_large_4, layout_misc_corridors,
          spider_nest_entry_webs, infiniplex_staircase_pool
Lair:3:   layout_cave_pods, minmay_shoals_entry_hut
Lair:4:   layout_regular_city, slime_entry_1, grunt_megastairs_3,
          lemuel_fruit_fields
Lair:5:   evilmike_catoblepas_cave, layout_regular_city,
          infiniplex_staircase_pool_2, serial_bayou_shore_b, wad_woods_river_01
Shoals:1: layout_shoals, nicolae_shop_vocational, uniq_louise, uniq_jorgrun
Spider:1: layout_spider_delve
Spider:2: layout_spider_delve, nicolae_spider_world_wide_web
Spider:3: layout_spider_delve, uniq_azrael
Spider:4: hellmonk_spider_rune_bug_friends
Orc:1:    layout_diamond_mine, basic_altar, nicolae_orc_rockfall
Orc:2:    st_orc_pillars, layout_diamond_mine
Vaults:1: v_misc_15, vaults_standard_mumra_enter_the_diamond,
          nicolae_vaults_stepped_doors, grunt_vaults_hallway_long,
          nicolae_vaults_sightless_eye, hangedman_vaults_stretched_pinwheel,
          nicolae_vaults_alarming, nicolae_vaults_twisting_passages, st_lines,
          v_misc_17, nicolae_vaults_house_1, layout_vaults_ring
Vaults:2: vaults_mumra_chevron_long, hangedman_vaults_impose,
          nicolae_vaults_tangram_1, nicolae_vaults_windows_and_doors_thing,
          v_misc_10, nicolae_vaults_ninety_degrees, nicolae_vaults_trapezoid_1,
          nicolae_vaults_closet_pinwheel_4, nicolae_vaults_octothorpe,
          ontoclasm_vaults_ligature, nicolae_vaults_little_squares_6,
          nicolae_vaults_diagonal_hallway_6, grunt_vaults_hallway_long,
          layout_vaults_omnicross, serial_shops, shop,
          nicolae_shop_real_fake_doors, shop, uniq_zenata
Vaults:3: nicolae_vaults_shelves_hall, ontoclasm_vaults_hangar,
          vaults_room_semicircle, vaults_room_mumra_shop_pool,
          hangedman_vaults_nails, nicolae_vaults_bisected_exclaves,
          nicolae_vaults_trapezoid_2, nicolae_vaults_tangram_2, v_misc_32,
          special_room_vaults [special_room_orc], nicolae_vaults_tetromino_L_2,
          vaults_mumra_hex, v_misc_10, nicolae_vaults_back_hallway,
          layout_vaults_omnibox, minmay_crypt_entry_simple_walls, serial_shops,
          nicolae_shop_just_a_little_nook, nicolae_diamond_shop
Vaults:4: mu_enter_wizlab_1, hangedman_vaults_unwind, v_misc_24,
          v_alt_pattern_3, ontoclasm_vaults_tryst, vaults_room_door_hall,
          v_misc_5, not_door_vault_due, nicolae_vaults_three_branches,
          nicolae_vaults_theta, nicolae_vaults_layer_cake_slice,
          nicolae_vaults_storage_closets_1, v_rooms_4, nicolae_vaults_little_ls,
          layout_vaults_maze, serial_shops, shop
Vaults:5: serial_shops

Skill      XL: |  1  2  3  4  5  6  7  8  9 10 11 12 13 14 15 16 17 18 19 20 |
---------------+-------------------------------------------------------------+-----
Fighting       | 4 5 6 7 8 10 12 15 18 20 21 22 23 25 | 25.7
Axes           | 3 4 6 7 9 11 13 15 17 19 20 21 22 23 24 25 | 25.5
Armour         | 4 5 6 8 9 10 11 12 13 14 15 16 17 18 | 18.1
Shields        | 4 5 6 7 9 10 11 12 13 14 15 16 17 | 17.1
Dodging        | 1 2 3 4 5 6 7 8 9 10 11 | 11.0
Stealth        | 1 2 3 |  3.9
Throwing       | 1 2 3 |  3.8
Maces & Flails | 1 3 |  3.4
Invocations    | 1 2 3 |  3.6
Evocations     | 1 3 4 |  4.2
Unarmed Combat | |  0.6

Action                     |  1- 3 |  4- 6 |  7- 9 | 10-12 | 13-15 | 16-18 | 19-21 || total
---------------------------+-------+-------+-------+-------+-------+-------+-------++-------
  Melee: War axe           |    61 |   120 |   279 |   268 |     6 |   175 |       ||   909
         Headbutt          |     4 |    10 |    57 |   101 |   196 |   319 |   117 ||   804
         Unarmed           |       |       |       |     4 |       |       |       ||     4
         Broad axe         |       |       |       |   264 |   841 |   886 |   262 ||  2253
         Whip              |       |       |       |       |    41 |       |       ||    41
         Labrys            |       |       |       |       |       |       |   176 ||   176
  Throw: Dart              |       |     2 |       |     6 |     2 |     3 |       ||    13
         Javelin           |       |       |       |       |    13 |    29 |     1 ||    43
 Invoke: Heroism           |       |       |       |     4 |    15 |    30 |    10 ||    59
  Evoke: Wand              |       |       |       |       |       |    29 |     9 ||    38
         Lightning rod     |       |       |       |       |       |    12 |     7 ||    19
         Phial of floods   |       |       |       |       |       |     1 |       ||     1
    Use: Potion            |       |     1 |     1 |     1 |       |    11 |     7 ||    21
         Scroll            |       |       |    15 |    11 |    13 |    11 |    13 ||    63
   Stab: Distracted        |       |       |       |       |     1 |       |     1 ||     2
         Paralysed         |       |       |       |       |       |     2 |       ||     2
         Held in net/web   |       |       |       |       |       |     1 |       ||     1
 Armour: Scale mail        |    37 |    60 |   140 |   165 |    16 |       |       ||   418
         Chain mail        |       |       |       |       |   370 |   178 |       ||   548
         Storm dragon scal |       |       |       |       |       |   563 |   330 ||   893
  Dodge: Dodged            |    29 |    42 |   132 |   231 |   351 |   557 |   282 ||  1624
  Block: Buckler           |    14 |    22 |    49 |   150 |   241 |   443 |   212 ||  1131
